 Dungeon Crawl Stone Soup version 0.30-a0-711-gf4ac18a38d (webtiles) character file.

Game seed: 6460882128910962403

64 PyroL the Trooper (level 4, -1/35 HPs)
             Began as a Djinni Warper on Jan 22, 2023.
             Frozen to death by an endoplasm (7 damage)
             ... on level 2 of the Dungeon.
             The game lasted 00:01:40 (1347 turns).

PyroL the Trooper (Djinni Warper)                   Turns: 1347, Time: 00:01:41

Health: -1/35      AC:  3    Str: 10    XL:     4   Next: 32%
Gold:   30         EV: 11    Int: 16    God:
                   SH:  0    Dex: 13

rFire   + + .      SeeInvis .    a - +0 short sword
rCold   x . .      Faith    .    (no shield)
rNeg    . . .      Spirit   .    b - +0 leather armour
rPois   ∞          Reflect  .    (no helmet)
rElec   .          Harm     .    (no cloak)
rCorr   .          Rampage  .    (no gloves)
Will    .....                    (boots unavailable)
Stlth   +                        (no amulet)
HPRegen 0.25/turn                (no ring)
MPRegen 0.00/turn                (no ring)

@: on blink cooldown, flying, slowed, very slow
A: sickness immunity, fire resistance 2, cold vulnerability 1, float, innate
caster, HP casting, extra vitality 1
a: no special abilities


You were on level 2 of the Dungeon.
You visited 1 branch of the dungeon, and saw 2 of its levels.

You collected 30 gold pieces.

Inventory:

Hand Weapons
 a - a +0 short sword (weapon)
Missiles
 d - 7 boomerangs of dispersal
 g - 5 poisoned darts
Armour
 b - a +0 leather armour (worn)
Scrolls
 c - a scroll of blinking
 h - a scroll of vulnerability {unknown}
Potions
 e - a potion of cancellation {unknown}
 f - 2 potions of heal wounds {unknown}
 i - a potion of magic {unknown}


   Skills:
 + Level 3.3 Fighting
 - Level 1.7 Short Blades
 - Level 0.7 Throwing
 - Level 1.0 Armour
 - Level 2.1 Dodging
 + Level 3.1 Spellcasting


You couldn't memorise any spells.
You knew the following spells:

 Your Spells              Type           Power      Damage    Failure   Level
a - Blink                 Tloc           24%        N/A       11%         2
b - Lesser Beckoning      Tloc           24%        N/A       11%         2
c - Vhi's Electric Charg  Tloc/Air       24%        N/A       21%         3
d - Teleport Other        Tloc           12%        N/A       21%         3
e - Manifold Assault      Tloc           12%        N/A       56%         4
f - Magic Dart            Conj           48%        1d5       7%          1
Your spell library was empty.

Dungeon Overview and Level Annotations

Branches:
Dungeon (2/15)

Altars:

Annotations:
D:2 Natasha


Innate Abilities, Weirdness & Mutations

You are immune to sickness and miasma.
You are immune to poison.
Your flesh is very heat resistant. (rF++)
You are vulnerable to cold. (rC-)
You float through the air rather than walking.
You learn spells naturally, not from books.
Your magical power is your life essence.
You have superior vitality. (+4 MHP)


Message History

The crimson imp barely misses you.
You barely miss the shadow imp.
Natasha drinks a potion.
Natasha is healed!
The white imp closely misses you.
The shadow imp hits you but does no damage.
The crimson imp hits you.
* * * LOW HITPOINT WARNING * * *
The white imp barely misses you.
You hit the shadow imp but do no damage.
The crimson imp blinks!
The shadow imp hits you.
* * * LOW HITPOINT WARNING * * *
An endoplasm comes into view.
The white imp barely misses you.
You closely miss Natasha.
Natasha is lightly wounded.
You feel stable enough to blink again.
The endoplasm quivers.
The shadow imp misses you.
Natasha hisses.
Natasha claws you.
* * * LOW HITPOINT WARNING * * *
The white imp hits you but does no damage.
The shadow imp closely misses you.
The crimson imp blinks!
Natasha completely misses you.
Casting: Blink (safe; 11% risk of failure)
Confirm with . or Enter, or press ? or * to list all spells.
You blink.
* * * LOW HITPOINT WARNING * * *
You closely miss Natasha.
Natasha is lightly wounded.
Natasha barely misses you. The shadow imp misses you.
The endoplasm hits you but does no damage.
Natasha claws you but does no damage.
The crimson imp blinks!
The shadow imp hits you.
* * * LOW HITPOINT WARNING * * *
You hit Natasha but do no damage.
Natasha is lightly wounded.
The white imp barely misses you. The endoplasm freezes you.
You are frozen!
You feel a terrible chill!
You die...

##### # #...###.# #.......
..... ##..# #..§## ##.##
#..hJ## ##...## #§.5@#
.##.....## ###5.# .......<
#..# #..... #..# #... #..##
#.#####...
##...######.<...(..#
########.###.##....###.#.##
#........# #..#.##.#
#.######.###....##...


You could see Natasha, a white imp (summoned), a shadow imp (summoned) and an
endoplasm.

Vanquished Creatures
  Natasha (D:2)
  A gnoll (D:1)
  2 dart slugs (D:1)
  3 ball pythons (D:1)
  3 endoplasms (D:1)
  2 giant cockroaches (D:1)
  A goblin (D:1)
  4 hobgoblins (D:1)
  A quokka (D:2)
  4 bats (D:1)
  A frilled lizard (D:1)
  A kobold (D:1)
  2 rats (D:1)
26 creatures vanquished.

Notes
Turn   | Place    | Note
-------+----------+-------------------------------------------
     0 | D:1      | PyroL the Djinni Warper began the quest for the Orb.
     0 | D:1      | PyroL set off with the following spells memorised: Blink,
                  | Lesser Beckoning, Vhi's Electric Charge, Teleport Other,
                  | Manifold Assault.
     0 | D:1      | Reached XP level 1. HP: 18/18 MP: 0/0
   125 | D:1      | Reached XP level 2. HP: 23/23 MP: 0/0
   387 | D:1      | Reached XP level 3. HP: 28/29 MP: 0/0
   387 | D:1      | Learned a level 1 spell: Magic Dart
   438 | D:1      | Found a faded altar of an unknown god.
  1324 | D:2      | Noticed Natasha
  1331 | D:2      | Killed Natasha
  1332 | D:2      | Reached XP level 4. HP: 29/35 MP: 0/0
  1334 | D:2      | Noticed Natasha
  1347 | D:2      | Frozen to death by an endoplasm

Illustrated notes

Levels and vault maps discovered:
D:1:      lemuel_arrival_funnel, layout_basic,
          hellmonk_ecumenical_altar_inner_sanctum,
          ebering_dispersal_statue_hall, minmay_misc_feat_more_columns,
          chequers_serial_rivers_large_b
D:2:      layout_loops_ring, serial_shops, shop_statue, minivault_5,
          uniq_natasha

Skill      XL: |  1  2  3 |
---------------+----------+-----
Fighting       | 3 |  3.3
Spellcasting   | 3 |  3.1
Short Blades   | |  1.7
Throwing       | |  0.7
Armour         | |  1.0
Dodging        | |  2.1

Action                     |  1- 3 |  4- 6 || total
---------------------------+-------+-------++-------
  Melee: Short sword       |    82 |     6 ||    88
         Punch             |     1 |       ||     1
   Cast: Magic Dart        |    30 |     4 ||    34
         Blink             |     1 |     2 ||     3
   Stab: Distracted        |     1 |       ||     1
 Armour: Leather armour    |    24 |     5 ||    29
  Dodge: Dodged            |    62 |    14 ||    76

Table legend: (Time is in decaauts)
 A = Elapsed time spent in this place.
 B = Non-inter-level travel time spent in this place.
 C = Inter-level travel time spent in this place.
 D = Time resting spent in this place.
 E = Time spent auto-exploring this place.
 F = Levels seen in this place.
 G = Mean time per level.
                   A        B        C        D        E       F      G
               +--------+--------+--------+--------+--------+-----+--------+
         Total |   1348 |   1282 |     66 |      0 |   1090 |   2 |  674.0 |
       Dungeon |   1348 |   1282 |     66 |      0 |   1090 |   2 |  674.0 |
               +--------+--------+--------+--------+--------+-----+--------+

Top non-repeatable levels by time:
     D:1: 1282 daAuts
     D:2: 66 daAuts
